[Event "*** Titled Tuesday Blitz"]
[Site "Chess.com"]
[Date "2018.04.03"]
[Round "2"]
[White "codapbg94"]
[Black "HanSchut"]
[Result "0-1"]
[WhiteElo "2044"]
[BlackElo "2216"]
[TimeControl "180+2"]
[EndTime "13:22:35 PDT"]
[Termination "HanSchut won by resignation"]

1. e4 c5 2. Nf3 d6 3. c3 Nf6 4. h3 e6 5. Bd3 Be7 6. Bc2 O-O 7. d4 cxd4 8. cxd4 Nc6 9. Nc3 Bd7 10. O-O Rc8 11. Be3 a6 12. Rc1 b5 13. a3 Na5 14. e5 dxe5 15. dxe5 Nd5 16. Nxd5 exd5 17. Qxd5 Nc4 18. Bd4 Bc6 19. Qxd8 Rfxd8 20. Rfd1 Bxf3 21. gxf3 Bg5 22. Ra1 Nd2 23. Bc3 Nxf3+ 24. Kg2 Nh4+ 25. Kg3 Ng6 26. Kg4 Be7 27. Bf5 Rc4+ 28. Kg3 Bh4+ 29.
Kh2 Re8 30. Rd5 Rf4 31. Rf1 Rxf2+ 32. Rxf2 Bxf2 33. Bd7 Rd8 34. e6 Bh4 35. exf7+ Kxf7 36. Be6+ Kxe6 37. Rxd8 Bxd8 38. Bxg7 Bc7+ 39. Kg2 Be5 0-1

[Event "*** Titled Tuesday Blitz"]
[Site "Chess.com"]
[Date "2018.04.03"]
[Round "2"]
[White "jncool68"]
[Black "VerdeNotte"]
[Result "1-0"]
[WhiteElo "2507"]
[BlackElo "2630"]
[TimeControl "180+2"]
[EndTime "13:22:36 PDT"]
[Termination "jncool68 won by resignation"]

1. e4 c5 2. Nf3 d6 3. d4 cxd4 4. Nxd4 Nf6 5. Nc3 g6 6. Be3 Bg7 7. f3 Nc6 8. Qd2 O-O 9. O-O-O d5 10. Nxc6 bxc6 11. Bh6 Rb8 12. e5 Nd7 13. h4 Bxe5 14. Bxf8 Qxf8 15. h5 Qg7 16. hxg6 hxg6 17. Re1 g5 18.
Rxe5 Nxe5 19. Bd3 Nxd3+ 20. Qxd3 f5 21. b3 e6 22. Kb1 Bb7 23. Na4 Rf8 24. Nc5 Bc8 25.
g4 fxg4 26. fxg4 e5 27. c4 Bxg4 28. cxd5 Rf3 29. Qa6 Bf5+ 30. Kb2 cxd5 31. Qd6 e4+ 32. Ka3 Bg6 33. Ne6 Qf6 34. Rc1 Bf7 35. Qf8+ Kh7 36. Rh1+ Kg6 37. Rh6+ Kf5 38. Rxf6+ Kxf6 39. Nd4 Rd3 40.
Qd6+ Kg7 41. Nf5+ Kg8 42. Qh6 1-0

[Event "*** Titled Tuesday Blitz"]
[Site "Chess.com"]
[Date "2018.04.03"]
[Round "2"]
[White "toad"]
[Black "michaelk123"]
[Result "1-0"]
[WhiteElo "2247"]
[BlackElo "2369"]
[TimeControl "180+2"]
[EndTime "13:22:38 PDT"]
[Termination "toad won by checkmate"]

1. d4 Nf6 2. c4 e6 3. g3 d5 4. Nf3 Be7 5. Bg2 O-O 6. O-O c6 7. Qc2 b6 8. Rd1 h6 9. Nbd2 Bb7 10. e4 Na6 11. a3 c5 12. cxd5 exd5 13. e5 Ne4 14. Nxe4 dxe4 15. Nd2 Qxd4 16. Nxe4 Bxe4 17. Bxe4 Qxe5 18. Bf4 Qf6 19. Bxa8 Rxa8 20. Rd7 Rc8 21. Re1 Bf8 22. Qa4 b5 23. Qxb5 c4 24. Qe5 Qc6 25.
Qd5 Qf6 26. Re5 Nc5 27. Rf5 Qe6 28. Rxa7 Qe1+ 29. Kg2 Nd3 30. Be3 Qe2 31. Qxf7+ Kh8 32. Qd5 Ne1+ 33. Kg1 Nd3 34. Qf3 Qe1+ 35. Kg2 Qb1 36. Rxf8+ Rxf8 37. Qxf8+ Kh7 38. Qxg7# 1-0

[Event "*** Titled Tuesday Blitz"]
[Site "Chess.com"]
[Date "2018.04.03"]
[Round "2"]
[White "TigranLPetrosyan"]
[Black "GMAkobianSTL"]
[Result "1-0"]
[WhiteElo "2665"]
[BlackElo "2629"]
[TimeControl "180+2"]
[EndTime "13:22:45 PDT"]
[Termination "TigranLPetrosyan won by resignation"]

1. g3 d5 2. Nf3 c6 3. Bg2 Nf6 4. c4 Bg4 5. Ne5 Bf5 6. cxd5 cxd5 7. Qb3 Bc8 8. O-O e6 9. d4 Be7 10. Bf4 O-O 11. Rc1 Nbd7 12. Nc3 Nxe5 13. Bxe5 Bd6 14. e4 dxe4 15. Nxe4 Nxe4 16. Bxe4 f6 17. Rxc8 Rxc8 18. Qxe6+ Kh8 19. Bxd6 Re8 20. Qd5 Rxe4 21. Qxe4 Qxd6 22. Qxb7 Rb8 23. Qxa7 Rxb2 24. Qc5 Qb8 25. a4 Rb1+ 26. Rxb1 Qxb1+ 27. Kg2 Qe4+ 28. Kf1 h6 29. a5 Qd3+ 30. Ke1 Qb1+ 31. Kd2 Qa2+ 32. Kc3 Qxf2 33. Kc4 Qxh2 34. Kb5 Qxg3 35. a6 Qb8+ 36. Ka5 Kh7 37. a7 Qb7 38. d5 f5 39. d6 Kg6 40. d7 Qxd7 41. a8=Q 1-0

[Event "*** Titled Tuesday Blitz"]
[Site "Chess.com"]
[Date "2018.04.03"]
[Round "2"]
[White "Ravan_02"]
[Black "Mistheoretical"]
[Result "1-0"]
[WhiteElo "2477"]
[BlackElo "2277"]
[TimeControl "180+2"]
[EndTime "13:22:48 PDT"]
[Termination "Ravan_02 won by resignation"]

1. Nf3 d6 2. g3 e5 3. d3 g6 4. Bg2 Bg7 5. O-O f5 6. c4 Nf6 7. Nc3 O-O 8. Bg5 Nbd7 9. Qc1 c6 10.
Bh6 Qe7 11. Bxg7 Kxg7 12. b4 h6 13. b5 d5 14. bxc6 bxc6 15. cxd5 cxd5 16. Nd2 Nb6 17. a4 Be6 18. a5 Nbd7 19. e4 fxe4 20. dxe4 d4 21.
Nd5 Qc5 22. Nc7 Bf7 23. Nxa8 Rxa8 24. Qxc5 Nxc5 25. Rfc1 Nfd7 26. f4 exf4 27. gxf4 Re8 28. e5 g5 29. fxg5 hxg5 30. Bc6 Rxe5 31. Bxd7 Nxd7 32.
Rc7 Nc5 33. Rf1 Re2 34. Rxc5 Rxd2 35. Rc7 d3 36. Rcxf7+ Kg6 37. Rxa7 Re2 38. Rd7 d2 39.
a6 1-0

[Event "*** Titled Tuesday Blitz"]
[Site "Chess.com"]
[Date "2018.04.03"]
[Round "2"]
[White "TheLancer"]
[Black "ruvat"]
[Result "1-0"]
[WhiteElo "2428"]
[BlackElo "2265"]
[TimeControl "180+2"]
[EndTime "13:22:50 PDT"]
[Termination "TheLancer won by resignation"]

1. e4 d6 2. d4 Nf6 3. Nc3 g6 4. h3 Bg7 5. Nf3 O-O 6. Be3 c6 7. a4 Qc7 8. Be2 Nbd7 9. O-O b6 10. Re1 a6 11. Qd2 Rb8 12. e5 Nd5 13. Nxd5 cxd5 14. exd6 exd6 15. Bh6 Nf6 16. Bd3 Bb7 17. Bxg7 Kxg7 18.
c3 Rfe8 19. Qf4 Rxe1+ 20. Rxe1 Re8 21. Rxe8 Nxe8 22. h4 Nf6 23. g4 Qe7 24. h5 Qe6 25. h6+ Kg8 26. g5 Qg4+ 27. Qxg4 Nxg4 28. Kg2 f6 29.
Kg3 Bc8 30. Bxa6 Be6 31. b4 Kf7 32. a5 bxa5 33. bxa5 Ke7 34. Bb7 fxg5 35. a6 Nxh6 36. a7 Nf5+ 37. Kh2 g4 38. Ng5 1-0

[Event "*** Titled Tuesday Blitz"]
[Site "Chess.com"]
[Date "2018.04.03"]
[Round "2"]
[White "Karina_Oparina"]
[Black "EmeseBalogh"]
[Result "1-0"]
[WhiteElo "2144"]
[BlackElo "1969"]
[TimeControl "180+2"]
[EndTime "13:22:51 PDT"]
[Termination "Karina_Oparina won by resignation"]

1. Nf3 d5 2. g3 c6 3. Bg2 Bg4 4. O-O Nf6 5. h3 Bxf3 6. Bxf3 e6 7. d3 Bd6 8. c4 Nbd7 9. Qb3 Qb6 10. Qxb6 axb6 11. cxd5 exd5 12. Nc3 O-O 13. Bd2 Rfe8 14. a3 h6 15. b4 Ne5 16. Bg2 b5 17. f4 Ned7 18. Kf2 Ra6 19. e4 dxe4 20. dxe4 Bc7 21. e5 Bb6+ 22. Be3 Bxe3+ 23. Kxe3 Raa8 24. Kf2 Nh5 25. Ne4 Re7 26. Nd6 Nb6 27. Rfd1 g5 28. Bf3 Ng7 29. Be2 Nd5 30. Ne4 gxf4 31. Nf6+ Nxf6 32.
exf6 fxg3+ 33. Kf1 Rxe2 34. Kxe2 Re8+ 35. Kf3 Nf5 36. Re1 Nd4+ 37. Kxg3 Rd8 38. Kf2 Rd6 39.
Re8+ Kh7 40. Re7 Kg6 41. Rxb7 Kxf6 42. a4 Nc2 43. Rc1 Rd2+ 44. Kg3 Rd3+ 45. Kg2 Nxb4 46. axb5 cxb5 47. Rxb5 Nd5 48. Rc6+ Ke5 49. Rxh6 Ke4 50. Rh4+ Nf4+ 51. Kf2 f5 52. Rb4+ Ke5 53. Rhxf4 Ra3 54.
Rf3 Ra2+ 55. Kg3 1-0

[Event "*** Titled Tuesday Blitz"]
[Site "Chess.com"]
[Date "2018.04.03"]
[Round "2"]
[White "kasparik_garik"]
[Black "SergeiAza"]
[Result "1/2-1/2"]
[WhiteElo "2520"]
[BlackElo "2669"]
[TimeControl "180+2"]
[EndTime "13:22:54 PDT"]
[Termination "Game drawn by repetition"]

1. Nf3 Nf6 2. g3 b5 3. Bg2 Bb7 4. O-O e6 5. d3 c5 6. e4 d6 7. a4 b4 8. Nbd2 Be7 9. Re1 O-O 10.
Nc4 Nfd7 11. h4 Nc6 12. Bg5 h6 13. Bxe7 Qxe7 14. e5 Ncxe5 15. Nfxe5 Nxe5 16. Nxe5 Bxg2 17. Kxg2 dxe5 18. Rxe5 b3 19. cxb3 Qd6 20. Re3 Rab8 21. Rc1 Qd5+ 22. Kg1 Rxb3 23. Rxc5 Qb7 24. Qf3 Rxb2 25.
Qxb7 Rxb7 26. Ra5 Rd8 27. Kg2 Rd4 28. Ra6 g6 29. Kf3 h5 30. Kg2 Kg7 31. Kf3 Rd5 32. Kg2 Rc5 33. Rf3 Rc2 34. Re3 Ra2 35. Rf3 Rd7 36. Re3 Ra3 37. Rf3 Ra2 38. Re3 Ra3 39. Rf3 Ra2 40. Re3 Ra3 41. Rf3 Ra2 42. Re3 Ra3 43.
Rf3 Ra2 1/2-1/2

[Event "*** Titled Tuesday Blitz"]
[Site "Chess.com"]
[Date "2018.04.03"]
[Round "2"]
[White "rst2003"]
[Black "RitvarsReimanis"]
[Result "0-1"]
[WhiteElo "2207"]
[BlackElo "2376"]
[TimeControl "180+2"]
[EndTime "13:22:56 PDT"]
[Termination "RitvarsReimanis won by resignation"]

1. e4 c5 2. Nf3 Nc6 3. d4 cxd4 4. Nxd4 Nf6 5. Nc3 d6 6. f3 e5 7. Nb3 Be6 8. Be3 Be7 9. Qd2 O-O 10. Nd5 Bxd5 11.
exd5 Nb8 12. Be2 a5 13. Rc1 a4 14. Na1 a3 15. b3 Na6 16. c4 h6 17. O-O Nh7 18. Nc2 Nc5 19. b4 Nd7 20. c5 dxc5 21. d6 Bg5 22. bxc5 Nxc5 23. Rfd1 Ne6 24. Qb4 Qd7 25. Bb5 Qd8 26. Bxg5 Qxg5 27. d7 Rfd8 28. Kh1 Nf4 29. Ne1 Nf6 30. Qe7 e4 31. fxe4 Qxb5 32. Nf3 Rxd7 33. Rxd7 Qxd7 34. Qxd7 Nxd7 35. Rc7 Nf6 36.
Rxb7 Nxe4 37. Rb4 f5 38. Nd4 g6 39. g4 Nd3 40. Rb7 Ndf2+ 41. Kg2 Nxg4 42. Ne6 Ne5 43.
Rg7+ Kh8 44. Re7 Nc6 45. Rc7 Nb4 46. Nf4 Rg8 47. Kh3 Nxa2 48. Ra7 Nb4 49. Rxa3 Rg7 50. Ra8+ Kh7 51. Ne6 Re7 52. Nd4 Ng5+ 53. Kh4 Re4+ 0-1

[Event "*** Titled Tuesday Blitz"]
[Site "Chess.com"]
[Date "2018.04.03"]
[Round "2"]
[White "Fins0905"]
[Black "DanielNaroditsky"]
[Result "1-0"]
[WhiteElo "2583"]
[BlackElo "2884"]
[TimeControl "180+2"]
[EndTime "13:22:59 PDT"]
[Termination "Fins0905 won by resignation"]

1. d4 Nf6 2. Nf3 g6 3. Bg5 Bg7 4. Nbd2 O-O 5. e3 d6 6. Bc4 Nbd7 7.
h3 e5 8. O-O Qe7 9. a4 a5 10.
c3 e4 11. Ne1 c6 12. f3 d5 13. Bb3 h6 14. Bh4 exf3 15. Qxf3 Re8 16. Nc2 g5 17. Bg3 b6 18. Rae1 Ba6 19. c4 Qe6 20. Na3 Re7 21. cxd5 cxd5 22. Rf2 Bd3 23. Nb5 Bxb5 24. axb5 a4 25. Ba2 a3 26. b4 Rc8 27. e4 Rc2 28. Qb3 Rxd2 29. Rxd2 Nxe4 30. Qxa3 g4 31. h4 Qf5 32.
Qa8+ Kh7 33. Qxd5 Nxg3 34. Rxe7 Qf1+ 35. Kh2 Qf4 36. Qxf7 Nf5+ 37. Kg1 Nf6 38. Qxf6 Kh8 39. Rxg7 Qxd2 1-0

[Event "*** Titled Tuesday Blitz"]
[Site "Chess.com"]
[Date "2018.04.03"]
[Round "2"]
[White "Hikaru"]
[Black "BKMZBKMZ"]
[Result "1-0"]
[WhiteElo "2990"]
[BlackElo "2580"]
[TimeControl "180+2"]
[EndTime "13:23:01 PDT"]
[Termination "Hikaru won by resignation"]

1. Nc3 g6 2. e4 Bg7 3. d4 d6 4. f4 Nd7 5. Nf3 c6 6. Bc4 b5 7. Bxf7+ Kxf7 8. Ng5+ Ke8 9. Ne6 Qa5 10.
Nxg7+ Kf7 11. Nh5 b4 12. Ng3 bxc3 13. O-O Nf8 14. f5 Nf6 15. bxc3 Rg8 16. Qe1 Kg7 17.
fxg6 Nxg6 18. Bg5 Bd7 19. Qd2 Kh8 20. Rxf6 h6 21. Bh4 Kh7 22. Rf5 Bxf5 23. Nxf5 Qxf5 24. exf5 Nxh4 25. Qf4 Nxg2 26. Qe4 Raf8 27. f6+ Kh8 28. Qxe7 Ne3+ 29. Kh1 Ng4 30. Rf1 Re8 31. h3 Rxe7 32. fxe7 Kg7 33. hxg4 Re8 34. Re1 Kf6 35. Kg2 Rxe7 36.
Rxe7 Kxe7 37. c4 c5 38. c3 Kf6 39. Kf3 Kg5 40. Kg3 a6 41. a3 a5 42. a4 Kg6 43.
Kh4 Kg7 44. dxc5 dxc5 45. Kh5 Kh7 46. g5 hxg5 47. Kxg5 1-0

[Event "*** Titled Tuesday Blitz"]
[Site "Chess.com"]
[Date "2018.04.03"]
[Round "2"]
[White "igorkovalenko"]
[Black "fancyknightmaneuvers"]
[Result "1-0"]
[WhiteElo "2695"]
[BlackElo "2520"]
[TimeControl "180+2"]
[EndTime "13:23:04 PDT"]
[Termination "igorkovalenko won by resignation"]

1. e4 c5 2. Nf3 e6 3. c3 Nf6 4. e5 Nd5 5. d4 cxd4 6. cxd4 d6 7.
Bc4 Nc6 8. O-O Be7 9. Bd2 O-O 10. Nc3 dxe5 11. dxe5 Nb6 12. Bb3 Nb4 13. Qe2 Qd3 14.
Rfe1 Bd7 15. a3 Qxe2 16. Rxe2 Nd3 17. Be3 Bc6 18. Nd4 Bd7 19. f4 Rfd8 20. Rd1 Nc5 21. Ba2 Nca4 22. Rc1 Rac8 23. Rec2 Nxb2 24. Rxb2 Bxa3 25.
Rbc2 Bxc1 26. Rxc1 Be8 27. Kf2 Na4 28. Nce2 Nc5 29.
Kf3 b5 30. Rb1 a6 31. g4 Rc7 32. f5 exf5 33. gxf5 Kh8 34. e6 Nd3 35. Bg5 Rdc8 36.
Ke3 Ne5 37. Bf4 Nc4+ 38. Kf3 Rb7 39. h4 fxe6 40. fxe6 Bg6 41. Rg1 b4 42. Bb3 a5 43.
Rc1 Ne5+ 44. Bxe5 Rf8+ 45. Ke3 Be8 46. Ra1 Ra7 47. Bd6 Rf6 48. Bxb4 a4 49. Bd6 Ra6 50.
Be5 Rh6 51. Bc4 Ra7 52. Rf1 1-0

[Event "*** Titled Tuesday Blitz"]
[Site "Chess.com"]
[Date "2018.04.03"]
[Round "2"]
[White "BartoszSocko"]
[Black "Sebastian"]
[Result "0-1"]
[WhiteElo "2585"]
[BlackElo "2799"]
[TimeControl "180+2"]
[EndTime "13:23:07 PDT"]
[Termination "Sebastian won by resignation"]

1. e4 c5 2. Nf3 d6 3. d4 cxd4 4. Nxd4 Nf6 5. Nc3 a6 6. Be3 e5 7. Nb3 Be6 8. Qd2 Nbd7 9. O-O-O Be7 10. f4 b5 11. f5 Bc4 12. Kb1 Qc7 13. Rg1 b4 14.
Bxc4 Qxc4 15. Nd5 Nxe4 16. Qxb4 Qxb4 17. Nxb4 Ndf6 18. Rge1 h5 19. c4 h4 20. Nd5 Nxd5 21. Rxd5 Rh5 22. Rf1 Rc8 23. Na5 Bg5 24. Rf3 Ke7 25.
Kc2 Bxe3 26. Rxe3 Nf6 27. Rd2 Rxf5 28. b4 Rf4 29. Kb3 Ng4 30. Red3 e4 31. Rd4 Nf6 32.
Nb7 Rc6 33. a4 g5 34. a5 e3 35. Rxf4 gxf4 36. Rd1 Ne4 37. b5 Rc8 38. bxa6 Ra8 39. Kc2 Rxa6 40. Rb1 Kd7 41. Kd3 f5 42. Ke2 Nc3+ 0-1

[Event "*** Titled Tuesday Blitz"]
[Site "Chess.com"]
[Date "2018.04.03"]
[Round "2"]
[White "FMJoseHerrera"]
[Black "murmah2003"]
[Result "0-1"]
[WhiteElo "2475"]
[BlackElo "2440"]
[TimeControl "180+2"]
[EndTime "13:23:14 PDT"]
[Termination "murmah2003 won by resignation"]

1. Nf3 Nf6 2. g3 g6 3. Bg2 Bg7 4. O-O O-O 5. d3 d5 6. c3 c5 7. a3 a5 8. Be3 b6 9. h3 Nc6 10. Qc1 Re8 11. Bh6 Bh8 12. Re1 Ba6 13. Nbd2 Qd7 14.
c4 dxc4 15. Nxc4 Nd5 16. Nfd2 Rab8 17. e4 Nc7 18. e5 Nd4 19. Kh2 Nce6 20. b4 Nf5 21.
Be3 Qxd3 22. Be4 Qd8 23. Bxf5 gxf5 24. Qb1 Qd5 25. b5 Bb7 26. Rg1 Bxe5 27. Nxe5 Qxe5 28. Nc4 Qd5 29. Nxb6 Qf3 30. Nc4 Be4 31. Qb2 Qh5 32.
a4 f6 33. Nd2 Bd5 34. Qc3 Kh8 35. Rad1 Rg8 36. Nc4 Ba8 37. Nxa5 f4 38. Bxc5 fxg3+ 39. fxg3 Qe2+ 40. Bf2 Qxf2+ 0-1

[Event "*** Titled Tuesday Blitz"]
[Site "Chess.com"]
[Date "2018.04.03"]
[Round "2"]
[White "kjzsdu"]
[Black "simplerXiao"]
[Result "1/2-1/2"]
[WhiteElo "2428"]
[BlackElo "2466"]
[TimeControl "180+2"]
[EndTime "13:23:14 PDT"]
[Termination "Game drawn by agreement"]

1. e4 c5 2. Nf3 e6 3. d4 cxd4 4. Nxd4 Nc6 5. Nc3 Qc7 6. Be2 a6 7. Be3 Bb4 8. O-O Nf6 9. Na4 Nxd4 10. Qxd4 Bd6 11. f4 e5 12. Qb6 exf4 13. Qxc7 Bxc7 14. Bxf4 Bxf4 15. Rxf4 b5 16. Nc3 d6 17. Rd1 Ke7 18. a4 bxa4 19. Rxf6 Kxf6 20. Rxd6+ Be6 21. Nxa4 a5 22.
Bd3 Rhd8 23. Rb6 Rd4 24. Nc3 a4 25. Kf2 Rc8 26. Ke3 Rcd8 27. Ra6 a3 28. Rxa3 Rb4 29. b3 Rc8 30. Nb5 Rxb5 31. Bxb5 Rxc2 32. Be2 Rc3+ 33. Kd4 Rxb3 34. Rxb3 Bxb3 35. e5+ Ke6 36. Bg4+ f5 37. exf6+ Kxf6 38. Ke3 Kg5 39. Be2 Bd5 40. Kf2 h5 41. g3 h4 42. Ke3 hxg3 43. hxg3 Be6 44. Kf2 Bg4 45. Bc4 Bf5 46. Ke3 Kg4 47. Kf2 Be4 48.
Be6+ Bf5 49. Bd5 g6 50. Bf3+ Kg5 51. Ke3 Bg4 52. Be4 Bf5 1/2-1/2

[Event "*** Titled Tuesday Blitz"]
[Site "Chess.com"]
[Date "2018.04.03"]
[Round "2"]
[White "SantoBlue"]
[Black "anon102030"]
[Result "1-0"]
[WhiteElo "2625"]
[BlackElo "2721"]
[TimeControl "180+2"]
[EndTime "13:23:15 PDT"]
[Termination "SantoBlue won on time"]

1. Nf3 d6 2. e4 e5 3. d4 exd4 4. Nxd4 g6 5. Nc3 Bg7 6. Bc4 Nc6 7. Be3 Nf6 8. h3 O-O 9. O-O Re8 10. Bd3 Ne5 11. Be2 Nc6 12. Bf3 Ne5 13. Be2 Nc6 14. Bd3 Ne5 15. Bb5 Bd7 16. Qe2 a6 17. Bxd7 Qxd7 18. Rad1 Nc6 19. Qd3 Nb4 20. Qd2 Nxe4 21.
Nxe4 Rxe4 22. Qxb4 c5 23. Qc3 cxd4 24. Bxd4 Rc8 25.
Bxg7 Rxc3 26. Bxc3 Re2 27. Rd3 Rxc2 28. Rfd1 Qf5 29.
Rf3 Qd7 30. Rfd3 Qf5 31. Rf3 Qc5 32. Re3 f6 33. Rde1 Kg7 34. Rf3 d5 35. Bxf6+ Kh6 36. h4 d4 37. Bg5+ Kh5 38. Rf4 Qc8 39. Ree4 d3 40. g4+ Qxg4+ 41. Rxg4 d2 42. Bxd2 Rxd2 43. Rg5+ Kh6 44. Rb4 b5 45. a4 bxa4 46. Rxa4 Rd4 47.
Rxd4 1-0

[Event "*** Titled Tuesday Blitz"]
[Site "Chess.com"]
[Date "2018.04.03"]
[Round "2"]
[White "Zaven_ChessMood"]
[Black "DrVitman"]
[Result "1-0"]
[WhiteElo "2749"]
[BlackElo "2526"]
[TimeControl "180+2"]
[EndTime "13:23:21 PDT"]
[Termination "Zaven_ChessMood won on time"]

1. e4 c5 2. Nf3 Nc6 3. Bb5 Nf6 4. d3 d6 5. Bxc6+ bxc6 6. e5 Nd5 7. O-O Bg4 8. exd6 exd6 9. h3 Bh5 10. Nbd2 Be7 11.
Ne4 O-O 12. Ng3 Bg6 13. Re1 Re8 14. Bd2 Bf6 15. Rb1 Rb8 16. b3 Nc3 17. Bxc3 Bxc3 18. Rxe8+ Qxe8 19. Ne2 Bf6 20. Qd2 Qd8 21. Re1 Bf5 22.
Ng3 Be6 23. Ne4 Be7 24. Neg5 Bd5 25. c4 Bxf3 26. Nxf3 Bf6 27. g3 a5 28. d4 g6 29.
dxc5 dxc5 30. Qf4 a4 31. bxa4 Ra8 32. Qe4 Qc7 33. Qc2 Kg7 34. Kg2 Qa5 35. Re2 Qxa4 36. Qe4 Rd8 37. h4 h6 38. h5 g5 39. Ne5 Rd4 40. Qf5 Qd1 41. Re3 Qxh5 42. g4 Rf4 43. Qxf6+ Kxf6 44. gxh5 Rd4 45. a4 Rd2 46. Nxc6 Ra2 47. a5 g4 48. Re5 Ra3 49. Rxc5 Ke6 50. Rd5 f5 51. Nd4+ 1-0

[Event "*** Titled Tuesday Blitz"]
[Site "Chess.com"]
[Date "2018.04.03"]
[Round "2"]
[White "olomi007"]
[Black "Zhuu96"]
[Result "1/2-1/2"]
[WhiteElo "2549"]
[BlackElo "2761"]
[TimeControl "180+2"]
[EndTime "13:23:23 PDT"]
[Termination "Game drawn by agreement"]

1. e4 c5 2. Nf3 Nc6 3. d4 cxd4 4. Nxd4 e5 5. Nb5 d6 6. N1c3 a6 7. Na3 Be7 8. Be3 Nf6 9. Nc4 b5 10. Nb6 Rb8 11. Nxc8 Qxc8 12. Be2 b4 13. Nd5 Nxd5 14. Qxd5 O-O 15. O-O h6 16. Rfc1 Nd4 17. Bf1 Rd8 18. c3 bxc3 19. Rxc3 Qd7 20. b3 Bg5 21. Rac1 Bxe3 22.
fxe3 Ne6 23. Bxa6 Qa7 24. Bc4 Qxa2 25. Rf1 Qa7 26. Qd1 Rd7 27. Qg4 Nc5 28. h4 Re7 29. h5 Nd7 30. Kh2 Nf8 31. Rd3 Rd8 32. Bd5 Nh7 33. Rc3 Ng5 34. b4 Qb6 35. Rb1 Rc7 36. Rxc7 Qxc7 37. b5 Qb6 38. Rb3 Kf8 39. Qf5 Kg8 40.
Bc6 Qc5 41. Rd3 Qc2 42. Ra3 Qe2 43. b6 Qxh5+ 44. Kg3 Qe2 45. b7 d5 46. Bxd5 Qe1+ 47.
Kh2 Qh4+ 48. Kg1 Qe1+ 49. Qf1 Qg3 50. Ra8 Nh3+ 51. Kh1 Nf2+ 52. Qxf2 Qxf2 53. Rxd8+ Kh7 54. Rh8+ Kg6 55. b8=Q Qe1+ 56. Kh2 Qh4+ 57. Kg1 1/2-1/2

[Event "*** Titled Tuesday Blitz"]
[Site "Chess.com"]
[Date "2018.04.03"]
[Round "2"]
[White "kikydu96"]
[Black "florianschwabeneder"]
[Result "1/2-1/2"]
[WhiteElo "2361"]
[BlackElo "2388"]
[TimeControl "180+2"]
[EndTime "13:23:27 PDT"]
[Termination "Game drawn by agreement"]

1. e4 c5 2. Nf3 d6 3. d4 cxd4 4. Qxd4 Nc6 5. Bb5 Bd7 6. Qe3 Nf6 7. b3 Qa5+ 8. Nc3 Nxe4 9. Bxc6 Bxc6 10. Bb2 Qc5 11. Qxc5 dxc5 12. Ne5 Nxc3 13. Nxc6 Nd5 14. Ne5 f6 15. Nd3 e5 16. O-O-O O-O-O 17. Rhe1 g6 18. c4 Nb4 19. Nxb4 cxb4 20. Rxd8+ Kxd8 21. Kc2 Bd6 22. Kd3 Ke7 23. f4 Ke6 24. fxe5 Bxe5 25. Bxe5 fxe5 26.
Rf1 Rd8+ 27. Ke3 a5 28. h4 Ra8 29. h5 a4 30. Ke4 axb3 31. axb3 Ra2 32. hxg6 hxg6 33.
g4 Re2+ 34. Kd3 Rb2 35. g5 Rxb3+ 36. Ke4 Rg3 37. Rf6+ Kd7 38. Rxg6 Kc7 39. Kxe5 b3 40. c5 Rc3 41. Kd4 Rg3 42. Rb6 Rxg5 43. Rxb3 Rg4+ 44. Kd5 Rg5+ 45. Kc4 Rg4+ 46. Kb5 Rg5 47. Rf3 Rg7 48.
Rh3 Rf7 49. Rh6 Rg7 1/2-1/2

[Event "*** Titled Tuesday Blitz"]
[Site "Chess.com"]
[Date "2018.04.03"]
[Round "2"]
[White "severomorskij"]
[Black "TastyFrenchFries"]
[Result "1-0"]
[WhiteElo "2663"]
[BlackElo "2293"]
[TimeControl "180+2"]
[EndTime "13:23:28 PDT"]
[Termination "severomorskij won by checkmate"]

1. d4 e6 2. Nf3 Nf6 3. c4 Bb4+ 4.
Nc3 O-O 5. Bg5 d5 6. e3 a6 7.
cxd5 exd5 8. Bd3 h6 9. Bh4 c6 10. O-O Nbd7 11. Ne5 Be7 12. f4 Nb6 13. Kh1 Nfd7 14.
Bg3 Nxe5 15. fxe5 Be6 16. Qh5 Qd7 17. h3 Nc4 18. Bxc4 dxc4 19. Ne4 Kh7 20. Bh4 Bd5 21.
Bxe7 Qxe7 22. Nf6+ Kh8 23. Rf4 b5 24. Raf1 Be6 25.
Rh4 Rg8 26. Rf3 Qf8 27. Rg3 b4 28. Nxg8 Qxg8 29. Qd1 Qd8 30. Rf4 c5 31. Qc2 Qa5 32.
Qb1 Rd8 33. Rgf3 cxd4 34. exd4 c3 35. bxc3 bxc3 36. Qc2 Rc8 37. Rf2 Bd5 38. Kh2 Qc7 39. Rg4 Qc4 40. Rg3 Qxd4 41. Qf5 Be6 42. Qc2 Qxf2 43. Qxf2 c2 44. Rxg7 c1=Q 45. Qf6 Qg5 46. Rxg5+ Kh7 47. Qg7# 1-0

[Event "*** Titled Tuesday Blitz"]
[Site "Chess.com"]
[Date "2018.04.03"]
[Round "2"]
[White "Perecke"]
[Black "KRASAVCHIK2002"]
[Result "1-0"]
[WhiteElo "1886"]
[BlackElo "1952"]
[TimeControl "180+2"]
[EndTime "13:23:28 PDT"]
[Termination "Perecke won on time"]

1. e4 c5 2. Nf3 d6 3. d4 cxd4 4. Nxd4 Nf6 5. Nc3 a6 6. h3 e5 7. Nde2 h5 8. g3 Be7 9. Bg2 Be6 10. O-O Nbd7 11. f4 Qc7 12. Be3 b5 13. b3 Nc5 14. f5 Bd7 15. Bg5 Bc6 16. Bxf6 Bxf6 17. Nd5 Bxd5 18. exd5 h4 19. g4 O-O 20. c4 bxc4 21.
bxc4 Qe7 22. Nc3 e4 23. Rc1 Qe5 24. Re1 Rfe8 25. Nxe4 Nxe4 26. Rxe4 Qg3 27. Qf3 Rxe4 28. Qxg3 hxg3 29. Bxe4 Rb8 30. Rc2 Re8 31. Re2 Be5 32.
Kg2 Rc8 33. Bd3 f6 34. h4 Rb8 35. g5 Rb4 36. gxf6 gxf6 37. Kh3 Ra4 38. c5 dxc5 39.
Rc2 Ra3 40. Bc4 Bd6 41. Re2 Be5 42. Re4 Kf8 43. h5 1-0

[Event "*** Titled Tuesday Blitz"]
[Site "Chess.com"]
[Date "2018.04.03"]
[Round "2"]
[White "Bigfish1995"]
[Black "ViktorMatviishen"]
[Result "1-0"]
[WhiteElo "2773"]
[BlackElo "2551"]
[TimeControl "180+2"]
[EndTime "13:23:30 PDT"]
[Termination "Bigfish1995 won by resignation"]

1. e4 c5 2. Nf3 d6 3. d4 cxd4 4. Nxd4 Nf6 5. Nc3 a6 6. f3 e5 7. Nb3 Be6 8. Be3 Nbd7 9. Qd2 Be7 10. g4 b5 11. g5 b4 12. Ne2 Nh5 13. Ng3 Nxg3 14.
hxg3 a5 15. Bh3 a4 16. Nc1 Bxh3 17. Rxh3 O-O 18. Nd3 b3 19. Nb4 Qc8 20. Qh2 h6 21. gxh6 g6 22. h7+ Kh8 23. Nd5 Bd8 24. Bh6 bxc2 25.
Rc1 Ba5+ 26. Bd2 Bxd2+ 27. Qxd2 Qc5 28. Ne3 Rac8 29. Rxc2 Qb6 30. Rxc8 Rxc8 31. Kf1 Nf6 32. Rh2 Qd4 33. Qxd4 exd4 34. Nd1 d5 35. e5 Nd7 36. f4 Nc5 37. Rc2 d3 38. Rc3 Kxh7 39. Nf2 d4 40. Rc4 d2 41. Ke2 Rc7 42. Nd3 Ne6 43. Rxc7 Nxc7 44. Nc5 Nd5 45. Nxa4 Ne3 46. Kxd2 Nf1+ 47. Kd3 Nxg3 48. Nc5 Ne2 1-0

[Event "*** Titled Tuesday Blitz"]
[Site "Chess.com"]
[Date "2018.04.03"]
[Round "2"]
[White "nubair1198"]
[Black "Hrant_ChessMood"]
[Result "0-1"]
[WhiteElo "2576"]
[BlackElo "2932"]
[TimeControl "180+2"]
[EndTime "13:23:31 PDT"]
[Termination "Hrant_ChessMood won by checkmate"]

1. d4 Nf6 2. c4 g6 3. Nc3 Bg7 4. Nf3 d6 5. e4 O-O 6. Be2 c5 7. d5 e6 8. O-O Re8 9. Bg5 h6 10.
Bh4 g5 11. Bg3 e5 12. Ne1 Nbd7 13. Nd3 Nf8 14. b4 cxb4 15. Nxb4 Ng6 16. a4 Nf4 17. a5 h5 18. Ra3 Nxe2+ 19. Qxe2 h4 20. c5 hxg3 21. fxg3 dxc5 22. Nd3 c4 23. Nb2 Bg4 24.
Qxc4 Rc8 25. Qb4 Qc7 26. Nb5 Qc5+ 27. Qxc5 Rxc5 28. Nd6 Rb8 29. h3 Bd7 30. Nd3 Rc7 31.
Nxe5 Nxd5 32. Nexf7 Nc3 33. Nxg5 Rf8 34. Nf5 Bc8 35.
g4 b5 36. axb6 axb6 37. Rb3 b5 38. h4 Re8 39. h5 Nxe4 40. Re1 Bxf5 41. gxf5 Bd4+ 42.
Kh2 Be5+ 43. Kh3 Nxg5+ 44. Kg4 Nf7 45. Rxb5 Rc4+ 46. Kh3 Ng5# 0-1

[Event "*** Titled Tuesday Blitz"]
[Site "Chess.com"]
[Date "2018.04.03"]
[Round "2"]
[White "1random"]
[Black "FearNoEvil12"]
[Result "1-0"]
[WhiteElo "2157"]
[BlackElo "1978"]
[TimeControl "180+2"]
[EndTime "13:23:33 PDT"]
[Termination "1random won by resignation"]

1. Nf3 a6 2. e3 b5 3. c4 bxc4 4. Bxc4 e6 5. d4 Nf6 6. O-O Bb7 7. Nc3 Nc6 8. e4 h6 9. e5 Ng8 10. Re1 Nge7 11. Bf4 g5 12. Bg3 Rg8 13. a3 Nf5 14. d5 Nce7 15. Ne4 Bg7 16. d6 Nc6 17. dxc7 Qxc7 18. Nd6+ Nxd6 19. exd6 Qa5 20. b4 Qf5 21. Rc1 h5 22. h4 gxh4 23. Nxh4 Qg4 24. Be2 Qg5 25.
Bxh5 Bd4 26. Qf3 O-O-O 27. Kf1 f5 28. a4 Kb8 29. Qd1 f4 30. Bf7 fxg3 31. Bxg8 gxf2 32.
Re4 Rxg8 33. Qe2 Ba7 34. Rc3 Nd4 35. Qxf2 Bxe4 36. b5 Nf5 37. b6 Nxh4 38. bxa7+ Ka8 39. g3 Nf3 40. Rb3 Qxg3 41. Rb8+ Rxb8 42. axb8=Q+ Kxb8 43. Qxg3 Bc6 44. Qf2 Kb7 45. a5 Kc8 46. Qb6 1-0